 Dungeon Crawl Stone Soup version 0.22-a0-368-g870eee8 (webtiles) character file.

2121 Amnesiac the Merchant of Misery (level 9, -18/65 HPs)
             Began as a Mummy Wizard on Apr 23, 2018.
             Was a Believer of Kikubaaqudgha.
             Demolished by an orc warrior
             ... wielding a +0 war axe
              (20 damage)
             ... on level 6 of the Dungeon.
             The game lasted 00:13:54 (6899 turns).

Amnesiac the Merchant of Misery (Mummy Wizard)      Turns: 6899, Time: 00:13:55

Health: -18/65     AC:  5    Str: 10    XL:     9   Next: 8%
Magic:  1/27       EV: 15    Int: 20    God:    Kikubaaqudgha [**....]
Gold:   372        SH:  0    Dex: 11    Spells: 6/20 levels left

rFire    x . .     SeeInvis .   v - +2 dire flail (protect)
rCold    + . .     Gourm    .   (shield currently unavailable)
rNeg     + + +     Faith    +   a - +0 robe
rPois    ∞         Spirit   .   (no helmet)
rElec    .         Reflect  .   h - +1 cloak
rCorr    .         Harm     .   (no gloves)
MR       +....                  f - +0 pair of boots (curse)
Stlth    +.........             p - amulet of faith
HPRegen  0.20/turn              l - ring of loudness (curse)
MPRegen  0.20/turn              n - ring of magical power

@: no status effects
A: no food or potions, fire vulnerability, cold resistance 1, negative energy
resistance 3, torment resistance, unbreathing
a: Receive Corpses, Renounce Religion


You were on level 6 of the Dungeon.
You worshipped Kikubaaqudgha.
Kikubaaqudgha was pleased with you.
You were not hungry.

You visited 2 branches of the dungeon, and saw 9 of its levels.

You collected 372 gold pieces.

Inventory:

Hand Weapons
 k - a +1 trident of flaming
 v - a +2 dire flail of protection (weapon)
Missiles
 c - 225 stones (quivered)
 e - 77 sling bullets
Armour
 a - a +0 robe (worn)
 f - a cursed +0 pair of boots (worn)
 h - a +1 cloak (worn)
 j - +0 storm dragon scales
 m - a +2 ring mail of magic resistance
Jewellery
 i - an uncursed amulet of magic regeneration
 l - a cursed ring of loudness (left hand)
 n - a ring of magical power (right hand)
 p - an amulet of faith (around neck)
 r - an uncursed ring of flight
 u - a cursed -3 ring of slaying {unknown}
Wands
 q - a wand of enslavement (10)
 s - a wand of digging (12)
 w - a wand of paralysis (12)
 x - a wand of iceblast (2)
Scrolls
 b - a scroll of enchant armour {!r}
 d - a scroll of blinking {!r}
 g - a scroll of identify {!r}
 o - a scroll of enchant weapon {!r}
 t - 2 scrolls of noise {!r}


   Skills:
 - Level 4.0 Fighting
 - Level 6.1 Dodging
 - Level 1.5 Stealth
 + Level 6.4 Spellcasting
 - Level 3.0 Conjurations
 - Level 0.7 Summonings
 * Level 6.4 Necromancy
 - Level 0.7 Translocations


You had 6 spell levels left.
You knew the following spells:

 Your Spells              Type           Power        Failure   Level  Hunger
a - Magic Dart            Conj           ###.         3%          1    N/A
b - Call Imp              Summ           #.......     12%         2    N/A
d - Vampiric Draining     Necr           ####......   2%          3    N/A
e - Mephitic Cloud        Conj/Pois/Air  ##......     21%         3    N/A
s - Conjure Flame         Conj/Fire      ##......     16%         3    N/A
v - Blink                 Tloc           N/A          12%         2    N/A

Dungeon Overview and Level Annotations

Branches:
Dungeon (8/15)             Temple (1/1) D:4
   Lair: D:8-11

Altars:
Elyvilon
Gozag
Hepliaklqana
Kikubaaqudgha
Nemelex Xobeh
Okawaru
Qazlal
Ru
Sif Muna
Trog
Uskayaw
Vehumet
Wu Jian
Zin
The Shining One

Annotations:
D:8 Grum


Innate Abilities, Weirdness & Mutations

You do not eat or drink.
Your flesh is vulnerable to fire.
You are immune to poison.
Your flesh is cold resistant. (rC+)
You are immune to negative energy. (rN+++)
You are immune to unholy pain and torment.
You can survive without breathing.


Message History

The orc warrior is moderately wounded.
The orc warrior seems less confused.
The orc warrior hits you with a war axe!!
* * * LOW HITPOINT WARNING * * *
Casting: Mephitic Cloud (safe; 21% risk of failure)
Confirm with . or Enter, or press ? or * to list all spells.
Aiming: Vampiric Draining (safe; 2% risk of failure)
Press: ? - help, Shift-Dir - straight line, f/p - orc warrior
Aim: an orc warrior, wielding a war axe and wearing a runed chain mail (moderately wounded)
The orc warrior is heavily wounded.
You feel life coursing into your body. The orc warrior barely misses you.
Casting: Vampiric Draining (safe; 2% risk of failure)
Confirm with . or Enter, or press ? or * to list all spells.
Aiming: Vampiric Draining (safe; 2% risk of failure)
Press: ? - help, Shift-Dir - straight line, f/p - orc warrior
Aim: an orc warrior, wielding a war axe and wearing a runed chain mail (heavily wounded)
The orc warrior is severely wounded.
You feel life coursing into your body. The orc warrior barely misses you.
Casting: Vampiric Draining (safe; 2% risk of failure)
Confirm with . or Enter, or press ? or * to list all spells.
Aiming: Vampiric Draining (safe; 2% risk of failure)
Press: ? - help, Shift-Dir - straight line, f/p - orc warrior
Aim: an orc warrior, wielding a war axe and wearing a runed chain mail (severely wounded)
The orc warrior is almost dead.
You feel life coursing into your body.
The orc warrior hits you but does no damage.
Casting: Vampiric Draining (safe; 2% risk of failure)
Confirm with . or Enter, or press ? or * to list all spells.
Aiming: Vampiric Draining (safe; 2% risk of failure)
Press: ? - help, Shift-Dir - straight line, f/p - orc warrior
Aim: an orc warrior, wielding a war axe and wearing a runed chain mail (almost dead)
The orc warrior is almost dead.
You feel life coursing into your body.
The orc warrior hits you with a war axe!
* * * LOW HITPOINT WARNING * * *
Casting: Vampiric Draining (safe; 2% risk of failure)
Confirm with . or Enter, or press ? or * to list all spells.
Aiming: Vampiric Draining (safe; 2% risk of failure)
Press: ? - help, Shift-Dir - straight line, f/p - orc warrior
Aim: an orc warrior, wielding a war axe and wearing a runed chain mail (almost dead)
The orc warrior is almost dead.
Casting: Vampiric Draining (safe; 2% risk of failure)
Confirm with . or Enter, or press ? or * to list all spells.
Aiming: Vampiric Draining (safe; 2% risk of failure)
Press: ? - help, Shift-Dir - straight line, f/p - orc warrior
Aim: an orc warrior, wielding a war axe and wearing a runed chain mail (almost dead) Nothing appears to happen.
The orc warrior barely misses you.
Casting: Vampiric Draining (safe; 2% risk of failure)
Confirm with . or Enter, or press ? or * to list all spells.
Aiming: Vampiric Draining (safe; 2% risk of failure)
Press: ? - help, Shift-Dir - straight line, f/p - orc warrior
Aim: an orc warrior, wielding a war axe and wearing a runed chain mail (almost dead) Nothing appears to happen.
The orc warrior hits you with a war axe!
* * * LOW HITPOINT WARNING * * *
Casting: Vampiric Draining (safe; 2% risk of failure)
Confirm with . or Enter, or press ? or * to list all spells.
Aiming: Vampiric Draining (safe; 2% risk of failure)
Press: ? - help, Shift-Dir - straight line, f/p - orc warrior
Aim: an orc warrior, wielding a war axe and wearing a runed chain mail (almost dead) Nothing appears to happen.
The orc warrior hits you with a war axe!!
You die...
Kikubaaqudgha rasps: "You have failed me!
Welcome... oblivion!"

#####.#** #..#.##_**
##...##,,,*
####..#####+####
#....##*,#...#.####
##.#..#*_,+.8.'....#
##....####,#...#.##.#
##..#.###.#*##o####..#
##.....##..# #)@.# #.##
##...#####.#####_####.#
...### ##.#...###....#
...# #....#.# #.####
>.## ##..###.# #.# ..#
##..## #.# #.# ..#
##...# #.###.#
..####...## #.##..#
....##...# #.##.##


You could see an orc warrior.

Vanquished Creatures
  Pikel (D:5)
  The ghost of Karim the Chiller, an amateur GnIE of Ashenzari (D:4)
  Edmund (D:6)
  A sky beast (D:5)
  An orc warrior (D:6)
  An ice beast (D:5)
  An ogre (D:4)
  A wolf (D:8)
  2 bullfrogs
  A scorpion (D:5)
  A howler monkey (D:6)
  2 hounds
  An orc priest (D:6)
  A bullfrog skeleton (D:4)
  3 orc wizards
  A gnoll shaman (D:4)
  2 iguanas
  A worker ant (D:4)
  A hound zombie (D:5)
  7 gnolls
  6 adders
  2 oozes
  2 adder skeletons
  4 dart slugs
  3 leopard geckos
  12 orcs
  A ball python (D:3)
  5 bats
  9 giant cockroaches
  11 goblins
  11 hobgoblins
  7 jackals
  3 quokkas
  2 frilled lizards
  A jackal skeleton (D:4)
  10 kobolds
  2 quokka zombies
  5 rats
  A rat zombie (D:6)
128 creatures vanquished.

Vanquished Creatures (collateral kills)
  A centaur (D:4)
  A big kobold (D:3)
  A bullfrog (D:6)
  2 orc priests (D:6)
  An orc wizard (D:4)
  An iguana (D:8)
  A worker ant (D:4)
  An adder (D:3)
  2 worms (D:3)
  5 orcs
16 creatures vanquished.

Vanquished Creatures (others)
  3 jackals (D:6)
  A rat zombie (D:6)
4 creatures vanquished.

Grand Total: 148 creatures vanquished

Notes
Turn   | Place    | Note
-------+----------+-------------------------------------------
     0 | D:1      | Amnesiac the Mummy Wizard began the quest for the Orb.
     0 | D:1      | Reached XP level 1. HP: 13/13 MP: 5/5
   302 | D:2      | Reached skill level 1 in Conjurations
   396 | D:2      | Reached XP level 2. HP: 16/20 MP: 5/7
   479 | D:2      | Learned a level 2 spell: Call Imp
   524 | D:4      | Noticed an ogre
   554 | D:4      | Noticed Karim's ghost (amateur GnIE)
   842 | D:3      | Reached skill level 1 in Fighting
  1111 | D:3      | Reached XP level 3. HP: 23/26 MP: 1/8
  1149 | D:3      | Learned a level 3 spell: Conjure Flame
  1153 | D:3      | Learned a level 3 spell: Mephitic Cloud
  1367 | D:4      | Noticed a big kobold
  1463 | D:3      | Killed a big kobold
  1463 | D:3      | Reached XP level 4. HP: 7/33 MP: 1/10
  1715 | D:4      | Found a staircase to the Ecumenical Temple.
  1972 | D:4      | Killed an ogre
  1972 | D:4      | Reached XP level 5. HP: 9/38 MP: 0/11
  2239 | D:4      | Killed Karim's ghost
  2239 | D:4      | Reached XP level 6. HP: 47/47 MP: 0/12
  2436 | D:5      | Entered Level 5 of the Dungeon
  2630 | D:4      | Learned a level 2 spell: Blink
  3027 | Temple   | Entered the Ecumenical Temple
  3224 | Temple   | Became a worshipper of Kikubaaqudgha
  4044 | D:2      | Found a bloodstained altar of Trog.
  4071 | D:2      | Reached * piety under Kikubaaqudgha
  4071 | D:2      | Identified Kikubaaqudgha's Disquisition on Dark Arts (Kikubaaqudgha gifted it to you on level 2 of the Dungeon)
  4071 | D:2      | Received a gift from Kikubaaqudgha
  4071 | D:2      | Reached XP level 7. HP: 52/52 MP: 9/13
  4077 | D:2      | Learned a level 3 spell: Vampiric Draining
  4897 | D:4      | Reached skill level 1 in Necromancy
  4958 | D:4      | Reached skill level 5 in Dodging
  5471 | D:5      | Found a radiant altar of Vehumet.
  5607 | D:5      | Found a hazy altar of Hepliaklqana.
  5792 | D:5      | Reached XP level 8. HP: 47/60 MP: 12/14
  5869 | D:6      | Reached ** piety under Kikubaaqudgha
  5912 | D:6      | Noticed Pikel
  6052 | D:5      | Killed Pikel
  6301 | D:6      | You fall through a shaft for 2 floors!
  6308 | D:8      | Noticed Grum
  6319 | D:8      | Reached skill level 5 in Spellcasting
  6408 | D:7      | Found an opulent altar of Gozag.
  6533 | D:6      | Noticed Edmund
  6567 | D:6      | Reached XP level 9. HP: 34/65 MP: 14/18
  6623 | D:6      | Killed Edmund
  6878 | D:6      | Found a hide-covered altar of Uskayaw.
  6898 | D:6      | HP: 1/65 [orc warrior/war axe (14)]
  6899 | D:6      | Demolished by an orc warrior

Vault maps used:
D:1:      mrwooster_arrival_statue_3, st_stairs_10, serial_bayou_crossing
D:2:      bloody_trog
D:3:      minmay_misc_feat_nine_boxes, amethyst_killhole
D:4:      cheibrodos_quashed, minmay_temple_entry_from_below_a, first_ration
D:5:      kennysheep_little_box, lemuel_round_altar
D:6:      grunt_temple_overflow_diamond, enter_ossuary_4, st_stairs_12,
          uniq_pikel, uniq_edmund
D:7:      cheibrodos_barr_body, fedhas_altar_3, overflow_temple_1_default,
          basic_altar
D:8:      minmay_gate_of_8, gammafunk_temple_overflow_statue, uniq_joseph,
          uniq_grum
Temple:   minmay_temple_curvy_loop

Skill      XL: |  1  2  3  4  5  6  7  8 |
---------------+-------------------------+-----
Conjurations   | 1 2 3 |  3.0
Dodging        | 2 3 4 6 |  6.1
Fighting       | 1 2 3 4 |  4.0
Necromancy     | 1 6 |  6.4
Spellcasting   | 6 |  6.4
Stealth        | |  1.5
Summonings     | |  0.7
Translocations | |  0.7

Action                   |  1- 3 |  4- 6 |  7- 9 || total
-------------------------+-------+-------+-------++-------
Melee: Unarmed           |    39 |     2 |     3 ||    44
       Trident           |       |       |   104 ||   104
       Dire flail        |       |       |     9 ||     9
 Cast: Magic Dart        |    48 |   108 |   202 ||   358
       Call Imp          |    19 |    12 |    11 ||    42
       Mephitic Cloud    |     1 |     2 |    13 ||    16
       Conjure Flame     |       |     3 |     4 ||     7
       Vampiric Draining |       |       |    22 ||    22
  Use: Scroll            |       |       |     9 ||     9
 Stab: Confused          |     1 |       |     6 ||     7
Armor: Robe              |    12 |     6 |    43 ||    61
Dodge: Dodged            |    42 |    40 |   169 ||   251

Table legend:
 A = Spawn XP
 B = Non-spawn XP
 C = Spawn XP percentage of total XP
 D = Spawn monster count
 E = Non-spawn monster count
 F = Spawn count percentage of total count
 G = Total turns spent on level
                    A         B        C        D         E        F      G
               +---------+---------+-------+---------+---------+-------+---------
         Total |       0 |    3030 |   0.0 |       0 |     144 |   0.0 |  6899
               +---------+---------+-------+---------+---------+-------+---------
           D:1 |       0 |      53 |   0.0 |       0 |      28 |   0.0 |   923
           D:2 |       0 |     133 |   0.0 |       0 |      21 |   0.0 |   768
           D:3 |       0 |     141 |   0.0 |       0 |      27 |   0.0 |  1532
           D:4 |       0 |     707 |   0.0 |       0 |      27 |   0.0 |  1662
           D:5 |       0 |    1044 |   0.0 |       0 |      10 |   0.0 |   909
           D:6 |       0 |     702 |   0.0 |       0 |      21 |   0.0 |   723
           D:7 |       0 |     101 |   0.0 |       0 |       5 |   0.0 |    48
           D:8 |       0 |     149 |   0.0 |       0 |       5 |   0.0 |   107
               +---------+---------+-------+---------+---------+-------+---------
